Map: Rhoskallian LE

Players

Massa

  • Race: Terran Terran
  • League: Platinum
  • Spawn Location: 6:00

qqq

  • Race: Zerg Zerg
  • Spawn Location: 5:00

FilipAlexand - Winner!

  • Race: Protoss Protoss
  • Spawn Location: 12:00

Lag - Winner!

  • Race: Zerg Zerg
  • Spawn Location: 11:00

VOD

Have the link to the VOD?

Description

Time

  • Played on: Feb. 14, 2021, 7:55 a.m.
  • Length: 9:28
Show
View Real Time Build Order
Export as new Build Order

Massa Terran 

Build Orders: 2 Factory 

Get SALT Encoding   

  12  0:00  SCV  
  13  0:12  SCV  
  14  0:23  Supply Depot  
  14  0:24  SCV  
  15  0:39  Refinery  
  15  0:45  SCV  
  15  0:47  Barracks  
  16  0:53  Refinery  
  16  0:57  SCV  
  17  1:17  SCV  
  17  1:18  Barracks  
  18  1:39  Reaper  
  19  2:19  Factory  
  19  2:20  Reaper  
  17  3:11  Orbital Command  
  17  3:14  Reaper  
  17  3:15  Factory  
  17  3:43  Orbital Command  
  16  4:08  Factory Tech Lab  
  14  4:35  SCV  
  15  4:47  SCV  
  16  4:59  SCV  
  17  5:38  SCV  
  17  5:41  Siege Tank  
  21  5:50  SCV  
  22  6:09  SCV  
  22  6:21  SCV  
  23  6:27  Supply Depot  
  23  6:48  Marine  
  23  6:49  Widow Mine, SCV, Hellion  
  20  7:19  Orbital Command  
  20  7:20  Widow Mine  
  24  7:22  Widow Mine  
  22  8:19  SCV  
  23  8:23  Widow Mine  
  25  8:31  SCV  
  26  8:38  Engineering Bay  
  26  8:43  SCV  
  27  8:49  Widow Mine  
  23  9:18  Command Center  
Show
View Real Time Build Order
Export as new Build Order

qqq Zerg 

Build Orders: Hatch First 

Get SALT Encoding   

  12  0:00  Drone  
  13  0:10  Drone  
  14  0:19  Overlord  
  14  0:47  Hatchery  
  13  0:50  Drone  
  13  0:54  Drone  
  15  1:01  Drone  
  15  1:02  Drone  
  17  1:24  Drone, Spawning Pool  
  17  1:25  Extractor  
  16  2:11  Hatchery  
  14  2:23  Drone x3  
  17  2:35  Spine Crawler  
  16  2:45  Queen  
  16  2:50  Drone  
  19  3:00  Metabolic Boost  
  19  3:02  Zergling x2  
  20  3:10  Overlord  
  20  3:18  Overlord  
  20  3:33  Drone x2  
  22  3:39  Zergling x6  
  25  3:41  Drone  
  27  3:48  Zergling x2  
  27  3:50  Zergling x2  
  28  4:04  Queen  
  28  4:06  Zergling x2  
  28  4:07  Zergling x2  
  32  4:10  Zergling x2  
  33  4:17  Zergling x4  
  33  4:21  Zergling x2  
  34  4:45  Zergling x2  
  35  4:54  Overlord x4  
  35  5:17  Zergling x10  
  39  5:26  Zergling x2  
  40  5:35  Zergling x4  
  36  5:54  Zergling x8  
  32  6:07  Queen  
  32  6:10  Zergling x2  
  35  6:12  Hatchery  
  33  6:39  Zergling x2  
  30  6:40  Zergling x10  
  34  6:49  Lair  
  34  7:02  Zergling x6  
  37  7:15  Zergling x6  
  40  7:26  Zergling x4  
  36  7:41  Zergling x2  
  36  7:42  Zergling x2  
  33  8:05  Zergling x2  
  33  8:06  Zergling x8  
  33  8:11  Zergling x2  
  32  8:18  Overseer  
  29  8:25  Drone  
  26  8:28  Drone x2  
  28  8:35  Zergling x2  
  29  8:47  Extractor  
  27  8:48  Spire  
  27  8:52  Zergling x4  
  27  8:53  Zergling x4  
  30  9:10  Hatchery, Zergling x8  
Show
View Real Time Build Order
Export as new Build Order

FilipAlexand Protoss - Winner!

Build Orders: Cannon Rush 

Get SALT Encoding   

  12  0:02  Probe  
  13  0:16  Probe  
  13  0:18  Pylon  
  14  0:28  Probe  
  15  0:40  Probe (Chrono Boost), Forge  
  16  0:52  Probe (Chrono Boost)  
  17  1:11  Pylon  
  17  1:24  Pylon  
  17  1:27  Pylon  
  17  1:32  Pylon  
  17  1:43  Photon Cannon  
  17  1:45  Photon Cannon  
  17  1:53  Pylon  
  17  1:59  Photon Cannon  
  17  2:00  Photon Cannon  
  17  2:03  Probe  
  18  2:14  Photon Cannon  
  17  2:26  Photon Cannon  
  17  2:35  Photon Cannon  
  17  2:47  Photon Cannon  
  17  2:55  Photon Cannon  
  17  3:00  Photon Cannon  
  16  3:07  Gateway  
  16  3:08  Assimilator  
  16  3:16  Assimilator  
  16  3:22  Probe (Chrono Boost)  
  17  3:33  Probe (Chrono Boost)  
  18  3:38  Probe (Chrono Boost)  
  19  3:49  Probe  
  19  4:01  Probe  
  19  4:13  Probe  
  19  4:15  Cybernetics Core  
  20  4:25  Probe  
  21  4:31  Nexus  
  21  4:37  Probe  
  22  4:46  Photon Cannon  
  22  4:49  Probe  
  23  5:01  Probe  
  23  5:03  Twilight Council  
  24  5:09  Pylon  
  24  5:13  Probe  
  25  5:19  Photon Cannon  
  25  5:25  Probe  
  25  5:27  Gateway  
  26  5:29  Warp Gate (Chrono Boost)  
  26  5:32  Gateway  
  26  5:33  Zealot  
  28  5:42  Photon Cannon  
  27  6:10  Photon Cannon  
  27  6:13  Dark Shrine  
  27  6:16  Gateway  
  26  6:39  Adept x2  
  30  6:40  Adept  
  32  6:50  Pylon  
  32  7:08  Probe  
  33  7:18  Pylon  
  33  7:20  Probe  
  34  7:32  Probe  
  35  7:38  Gateway  
  35  7:39  Dark Templar x2  
  39  8:16  Pylon  
  33  8:30  Dark Templar x4  
  41  8:40  Gateway  
  35  8:51  Nexus  
  35  9:06  Archon x2  
  35  9:08  Adept x3  
  35  9:09  Adept x2  
  45  9:11  Probe  
Show
View Real Time Build Order
Export as new Build Order

Lag Zerg - Winner!

Build Orders: Pool First, Swarm Host 

Get SALT Encoding   

  12  0:01  Drone  
  13  0:08  Drone  
  14  0:17  Overlord  
  14  0:36  Drone x3  
  17  0:47  Drone  
  18  0:55  Spawning Pool  
  18  0:56  Extractor  
  16  0:57  Drone  
  17  1:21  Hatchery  
  16  1:33  Drone x3  
  19  1:44  Queen  
  21  1:49  Drone  
  22  1:58  Overlord  
  22  2:17  Drone x2  
  22  2:20  Lair  
  24  2:27  Drone  
  25  2:33  Drone, Queen  
  28  2:42  Drone  
  29  2:44  Drone  
  30  2:51  Drone  
  30  2:53  Drone x3  
  30  2:55  Drone, Extractor  
  34  3:02  Drone  
  34  3:05  Overlord  
  35  3:19  Infestation Pit  
  34  3:28  Overlord x2  
  34  3:43  Zergling x4  
  36  3:55  Swarm Host  
  36  3:56  Swarm Host x3  
  49  4:02  Drone  
  49  4:03  Drone x6  
  53  4:34  Swarm Host x2  
  59  4:50  Overlord x4  
  59  4:51  Overlord  
  59  4:53  Spine Crawler, Queen  
  59  4:54  Spine Crawler  
  59  5:08  Queen  
  61  5:15  Zergling x2  
  61  5:16  Zergling x2  
  61  5:18  Zergling x6  
  61  5:20  Spine Crawler  
  65  5:25  Spine Crawler  
  65  5:27  Hatchery  
  51  5:37  Metabolic Boost  
  51  5:41  Nydus Network  
  50  5:56  Swarm Host  
  50  5:57  Swarm Host x2  
  59  6:16  Drone x4, Nydus Network  
  59  6:17  Drone x3  
  62  6:27  Swarm Host x2  
  69  6:51  Swarm Host  
  69  6:52  Swarm Host  
  75  7:06  Nydus Canal  
  75  7:21  Drone x5, Extractor x2  
  75  7:22  Drone  
  79  7:28  Hatchery  
  78  7:38  Hatchery  
  77  7:51  Swarm Host x3  
  77  7:58  Drone  
  83  8:08  Nydus Canal  
  83  8:09  Drone  
  83  8:10  Drone x2, Queen  
  79  8:29  Nydus Canal  
  79  8:36  Drone  
  79  8:37  Drone  
  79  8:41  Hatchery, Spine Crawler  
  79  8:43  Spine Crawler  
  79  8:47  Spire  
Tags
 
Add a new tag
Caveats
  • Supply blocks, unpowered buildings, or Contaminate may cause inaccurate times.
  • Supply counts are checked every 10 seconds.